 Dungeon Crawl Stone Soup version 0.30-a0-782-ge64f9170bb (webtiles) character file.

Game seed: 10247451554654060226

986 mopl the Covert (level 8, -9/50 HPs)
             Began as an Octopode Brigand on Feb 27, 2023.
             Mangled by an ice beast (14 damage)
             ... on level 4 of the Dungeon.
             The game lasted 00:04:27 (2656 turns).

mopl the Covert (Octopode Brigand)                  Turns: 2656, Time: 00:04:28

Health: -9/50      AC:  5    Str: 10    XL:     8   Next: 18%
Magic:  11/11      EV: 12    Int: 16    God:
Gold:   135        SH:  0    Dex: 13    Spells: 8/11 levels left

rFire   . . .      SeeInvis .    a - +0 dagger (venom)
rCold   . . .      Faith    .    (no shield)
rNeg    . . .      Spirit   .    (helmet restricted)
rPois   .          Reflect  .    (no amulet)
rElec   .          Harm     .    j - +4 ring of protection
rCorr   .          Rampage  .    (no ring)
Will    .....                    (no ring)
Stlth   +++++                    (no ring)
HPRegen 0.28/turn                (no ring)
MPRegen 0.12/turn                (no ring)
                                 (no ring)
                                 (no ring)

@: lethally poisoned (-9 -> -10), attractive
A: almost no armour, amphibious, 8 rings, camouflage 1, gelatinous body 1,
(nimble swimmer 1), tentacles
a: no special abilities


You were on level 4 of the Dungeon.
You visited 1 branch of the dungeon, and saw 4 of its levels.

You collected 135 gold pieces.

Inventory:

Hand Weapons
 a - a +0 dagger of venom (weapon)
 b - a +2 short sword of draining
 k - a +2 dagger
 v - a +4 dagger of speed
Missiles
 c - 3 curare-tipped darts
 h - 9 javelins
 r - 3 boomerangs
 u - 6 poisoned darts (quivered)
Jewellery
 j - a +4 ring of protection (left tentacle)
Scrolls
 e - a scroll of poison {unknown}
 g - a scroll of torment {unknown}
 m - a scroll of immolation {unknown}
 n - a scroll of vulnerability {unknown}
 p - 3 scrolls of silence {unknown}
 s - a scroll of identify {unknown}
 t - a scroll of fog {unknown}
Potions
 d - a potion of attraction
 f - a potion of mutation {unknown}
 i - 2 potions of lignification {unknown}
 l - a potion of degeneration {unknown}
 o - 2 potions of heal wounds {unknown}
 q - 2 potions of flight {unknown}


   Skills:
 - Level 2.0 Fighting
 + Level 4.7 Short Blades
 + Level 4.8 Throwing
 - Level 1.0 Dodging
 + Level 8.3 Stealth
 - Level 2.0 Spellcasting
 + Level 2.6 Hexes
 + Level 2.7 Translocations


You had 8 spell levels left.
You knew the following spells:

 Your Spells              Type           Power      Damage    Failure   Level
a - Portal Projectile     Hex/Tloc       20%        N/A       21%         3

Your spell library contained the following spells:

 Spells                   Type           Power      Damage    Failure   Level
 Kiss of Death            Conj/Necr      4%         2d5       21%         1
 Magic Dart               Conj           4%         1d3       21%         1
 Shock                    Conj/Air       4%         1d3       21%         1
 Searing Ray              Conj           2%         2d4       30%         2
 Call Canine Familiar     Summ           1%         N/A       52%         3
 Stone Arrow              Conj/Erth      2%         3d7       52%         3
 Fulminant Prism          Conj/Hex       2%         3d5       77%         4
 Leda's Liquefaction      Hex/Erth       2%         N/A       77%         4
 Arcjolt                  Conj/Air       0%         1d10      99%         5
 Lehudib's Crystal Spear  Conj/Erth      0%         10d2      100%        8
 Animate Armour           Summ/Erth      Unusable   N/A       N/A         4

Dungeon Overview and Level Annotations

Branches:
Dungeon (4/15)
 Temple: D:4-7

Altars:
Ashenzari

Annotations:
D:2 1 runed translucent door, Crazy Yiuf
D:4 1 transporter, Mgcat's ghost, amateur AtFi


Innate Abilities, Weirdness & Mutations

You cannot wear most types of armour.
You are amphibious.
You can wear up to eight rings at the same time.
Your skin changes colour to match your surroundings (Stealth+).
Your rubbery body absorbs attacks. (AC +1, EV +1)
((You are camouflaged when in or above water. (Stealth+)))
You have tentacles for arms and can constrict up to eight enemies at once.


Message History

You feel sick. The adder barely misses you.
Things that are here:
a +0 robe; the elf corpse of Dowan You hit the adder.
Your grab misses the adder.
The adder is moderately wounded.
The adder barely misses you.
You hit the adder. You grab the adder.
You squeeze the adder, but do no damage.
The adder is moderately wounded.
You constrict the adder.
You feel sick. The adder bites you but does no damage.
You release your grip on the adder.
You feel sick.
You feel sick.
You miss the adder. Your grab misses the adder.
The adder is heavily wounded.
You feel sick.
You are no longer poisoned.
The adder bites you.
* * * LOW HITPOINT WARNING * * *
The adder attacks as you move away! The adder closely misses you.
The adder misses you. The adder bites you but does no damage.
The adder bites you.
* * * LOW HITPOINT WARNING * * *
You are poisoned.
The adder poisons you!
You feel sick.
You miss the adder. Your grab misses the adder.
The adder is heavily wounded.
You feel sick. The adder bites you.
* * * LOW HITPOINT WARNING * * *
You hit the adder but do no damage. You grab the adder. You squeeze the adder!
You kill the adder!
You feel sick.
You feel sick.
It was a potion of attraction.
You feel attractive to monsters.
You feel sick. The ice beast hits you.
* * * LOW HITPOINT WARNING * * *
The ice beast freezes you!
You die...

##############
.............####
#...[......#
#[#.#++#.#.# #...#
#...# #######.###
###.# ........'Y#
#)'Y# ........'.#
#)'@#
........########.#
..........#†)#...#
......).#.#''#.#.#
.................#
.......##.######.#
#########........#
## #.########
.########.#


You could see an ice beast.

Vanquished Creatures
  Sigmund (D:4)
  Duvessa (D:4)
  2 ogres (D:4)
  2 phantoms (D:4)
  Dowan (D:4)
  A howler monkey (D:4)
  A jelly (D:3)
  An iguana (D:4)
  14 adders
  4 gnolls
  4 dart slugs
  7 orcs (D:3)
  10 ball pythons
  6 bats
  3 endoplasms
  5 giant cockroaches
  6 goblins
  9 hobgoblins
  7 jackals
  5 quokkas
  3 frilled lizards
  11 kobolds
  11 rats
115 creatures vanquished.

Notes
Turn   | Place    | Note
-------+----------+-------------------------------------------
     0 | D:1      | mopl the Octopode Brigand began the quest for the Orb.
     0 | D:1      | Reached XP level 1. HP: 14/14 MP: 1/1
    94 | D:1      | Reached XP level 2. HP: 19/19 MP: 2/2
   100 | D:1      | Got the Volume of Bolts
   355 | D:1      | Reached XP level 3. HP: 24/24 MP: 3/3
   830 | D:2      | Reached skill level 6 in Stealth
   990 | D:2      | Reached XP level 4. HP: 19/29 MP: 4/4
  1049 | D:1      | Reached skill level 3 in Throwing
  1066 | D:2      | Reached skill level 3 in Short Blades
  1125 | D:2      | Reached XP level 5. HP: 34/34 MP: 5/5
  1238 | D:2      | Reached skill level 7 in Stealth
  1427 | D:2      | Found a runed translucent door.
  1428 | D:2      | Noticed Crazy Yiuf
  1681 | D:3      | Learned a level 3 spell: Portal Projectile
  1694 | D:3      | Reached XP level 6. HP: 39/39 MP: 6/6
  2304 | D:4      | Found a broken altar of Ashenzari.
  2353 | D:4      | Noticed Sigmund
  2353 | D:4      | Found a transporter.
  2354 | D:4      | Killed Sigmund
  2355 | D:4      | Reached skill level 4 in Short Blades
  2355 | D:4      | Reached skill level 4 in Throwing
  2355 | D:4      | Reached skill level 1 in Spellcasting
  2355 | D:4      | Reached skill level 1 in Hexes
  2355 | D:4      | Reached skill level 1 in Translocations
  2355 | D:4      | Reached XP level 7. HP: 45/45 MP: 6/8
  2370 | D:4      | Noticed Mgcat's ghost (amateur AtFi)
  2494 | D:4      | Reached skill level 8 in Stealth
  2494 | D:4      | Reached skill level 2 in Hexes
  2494 | D:4      | Reached skill level 2 in Translocations
  2512 | D:4      | Reached skill level 2 in Spellcasting
  2538 | D:4      | Noticed Duvessa
  2541 | D:4      | Noticed Dowan
  2545 | D:4      | Killed Duvessa
  2546 | D:4      | Reached XP level 8. HP: 50/50 MP: 11/11
  2558 | D:4      | Killed Dowan
  2656 | D:4      | Mangled by an ice beast

Illustrated notes

Levels and vault maps discovered:
D:1:      dpeg_arrival_rhombus, layout_basic, grunt_decor_junction,
          minmay_bisected
D:2:      layout_rooms, minmay_snake_closets, uniq_crazy_yiuf_cottage
D:3:      layout_basic, chequers_mini_garden
D:4:      layout_loops_cross, lemuel_crystal_altar, general_overflow_altar,
          gammafunk_ghost_smash, minmay_misc_feat_four_crosses,
          minmay_mini_jars, uniq_sigmund, uniq_duvessa, uniq_eustachio

Skill      XL: |  1  2  3  4  5  6  7 |
---------------+----------------------+-----
Stealth        | 6 7 8 |  8.3
Throwing       | 3 4 |  4.8
Short Blades   | 3 4 |  4.7
Spellcasting   | 1 2 |  2.0
Hexes          | 1 2 |  2.6
Translocations | 1 2 |  2.7
Fighting       | |  2.0
Dodging        | |  1.0

Action                     |  1- 3 |  4- 6 |  7- 9 || total
---------------------------+-------+-------+-------++-------
  Melee: Dagger            |    62 |   103 |    36 ||   201
         Constrict         |    13 |    22 |     5 ||    40
         Tentacles         |    11 |    15 |    12 ||    38
         Punch             |       |     4 |     1 ||     5
  Throw: Dart              |       |       |     4 ||     4
    Use: Potion            |       |       |     1 ||     1
   Stab: Sleeping          |    14 |    27 |     7 ||    48
         Distracted        |       |     1 |       ||     1
 Armour: Skin              |    10 |    22 |     6 ||    38
  Dodge: Dodged            |    31 |    48 |    16 ||    95

Table legend: (Time is in decaauts)
 A = Elapsed time spent in this place.
 B = Non-inter-level travel time spent in this place.
 C = Inter-level travel time spent in this place.
 D = Time resting spent in this place.
 E = Time spent auto-exploring this place.
 F = Levels seen in this place.
 G = Mean time per level.
                   A        B        C        D        E       F      G
               +--------+--------+--------+--------+--------+-----+--------+
         Total |   2621 |   2491 |    130 |    136 |   1651 |   4 |  655.2 |
       Dungeon |   2621 |   2491 |    130 |    136 |   1651 |   4 |  655.2 |
               +--------+--------+--------+--------+--------+-----+--------+

Top non-repeatable levels by time:
     D:1: 831 daAuts
     D:2: 757 daAuts
     D:3: 716 daAuts
     D:4: 316 daAuts
